 Dungeon Crawl Stone Soup version 0.22.1-1-ga44c0e56f4 (webtiles) character file.

201 JOKERXD40 the Chopper (level 5, -1/72 HPs)
             Began as a Minotaur Berserker on Nov 9, 2018.
             Was a Priest of Trog.
             Slain by Pikel
             ... wielding a +2 whip of electrocution
              (20 damage)
             ... on level 4 of the Dungeon.
             The game lasted 00:06:40 (2194 turns).

JOKERXD40 the Chopper (Minotaur Berserker)          Turns: 2194, Time: 00:06:40

Health: -1/72      AC:  5    Str: 28    XL:     5   Next: 50%
Magic:  4/4        EV: 12    Int:  4    God:    Trog [***...]
Gold:   117        SH:  0    Dex:  9    Spells: 4/4 levels left

rFire    . . .     SeeInvis .   a - +0 hand axe
rCold    . . .     Gourm    .   (no shield)
rNeg     + . .     Faith    .   u - +0 ring mail
rPois    .         Spirit   .   (helmet restricted)
rElec    .         Reflect  .   (no cloak)
rCorr    .         Harm     .   (no gloves)
MR       +....                  (no boots)
Stlth    ..........             (no amulet)
HPRegen  0.22/turn              i - ring of protection from magic
MPRegen  0.09/turn              b - ring of positive energy

@: berserking, starving, very quick
A: retaliatory headbutt, horns 2
a: Berserk, Trog's Hand, Renounce Religion


You were on level 4 of the Dungeon.
You worshipped Trog.
Trog was most pleased with you.
You were starving.

You visited 1 branch of the dungeon, and saw 4 of its levels.

You collected 117 gold pieces.

Inventory:

Hand Weapons
 a - a +0 hand axe (weapon)
Armour
 u - a +0 ring mail (worn)
Jewellery
 b - a ring of positive energy (right hand)
 i - a ring of protection from magic (left hand)
Wands
 n - a wand of random effects (27)
Scrolls
 e - 2 scrolls of identify
 f - a scroll of blinking {unknown}
 g - 3 scrolls of immolation
 l - a scroll of fear {unknown}
 p - a scroll of magic mapping {unknown}
 q - a scroll of teleportation {unknown}
 s - a scroll of amnesia {unknown}
 t - a scroll of remove curse
Potions
 d - a potion of cancellation {unknown}
 h - a potion of ambrosia {unknown}
 j - a potion of agility {unknown}
 k - a potion of lignification {unknown}
 m - a potion of curing {unknown}
 o - a potion of degeneration {unknown}
 r - a potion of brilliance {unknown}
Comestibles
 c - 2 rations


   Skills:
 + Level 5.2 Fighting
 + Level 5.9 Axes
 + Level 2.7 Armour
 + Level 2.9 Dodging
 + Level 0.4 Stealth


You had 4 spell levels left.
You didn't know any spells.
Your spell library was empty.

Dungeon Overview and Level Annotations

Branches:
Dungeon (4/15)
 Temple: D:4-7

Altars:
Gozag
Hepliaklqana
Kikubaaqudgha
Makhleb
Okawaru
Trog
Xom

Annotations:
D:4 Pikel


Innate Abilities, Weirdness & Mutations

You reflexively headbutt those who attack you in melee.
You have a pair of horns on your head.


Message History

You barely miss the slave. You miss the slave. You slash the adder!
You barely miss the slave.
The slave hits you. x2; The slave hits you!
Pikel barely misses you. The adder bites you.
You completely miss the slave. Your headbutt misses the slave.
The slave is heavily wounded.
You hit Pikel but do no damage. You closely miss the slave.
You barely miss the adder. You closely miss the slave.
The slave barely misses you. You furiously retaliate!
You headbutt the slave. The slave hits you!
* * * LOW HITPOINT WARNING * * *
You hit Pikel but do no damage.
Pikel is moderately wounded.
You barely miss the slave. You hit the adder.
You kill the adder!
Trog accepts your kill.
You barely miss the slave. You slash the slave!
Pikel hits you with a whip of electrocution.
* * * LOW HITPOINT WARNING * * *
You are electrocuted!
You die...

........>.....#
.######.......#
###...### #..<#
#...# #...#
#...#####
.####...#p).#.#
#........@p...#
#....>...pK....#
#.........p......
.##.#...#...##.#.
#.#...#.#... .. #
#...#.#.##. .
#...#.#.# #
....#.#.#


You could see Pikel and 4 slaves.

Vanquished Creatures
  A crimson imp (D:3)
  An orc priest (D:3)
  Jessica (D:2)
  4 adders
  A worm (D:3)
  5 dart slugs
  2 leopard geckos
  5 orcs
  A ball python (D:1)
  10 bats
  2 giant cockroaches
  5 hobgoblins
  5 frilled lizards
  8 goblins
  8 kobolds
  5 rats
64 creatures vanquished.

Vanquished Creatures (others)
  An adder (D:4)
1 creature vanquished.

Grand Total: 65 creatures vanquished

Notes
Turn   | Place    | Note
-------+----------+-------------------------------------------
     0 | D:1      | JOKERXD40 the Minotaur Berserker began the quest for the
                  | Orb.
     0 | D:1      | Reached XP level 1. HP: 19/19 MP: 0/0
   268 | D:1      | Reached XP level 2. HP: 21/27 MP: 1/1
   567 | D:2      | Reached ** piety under Trog
   593 | D:2      | Reached XP level 3. HP: 23/33 MP: 2/2
   667 | D:2      | Found a shimmering altar of Xom.
   956 | D:2      | Noticed Jessica
   960 | D:2      | Killed Jessica
   960 | D:2      | Reached XP level 4. HP: 41/41 MP: 3/3
  1084 | D:3      | Found a bloodstained altar of Trog.
  1088 | D:3      | Found an opulent altar of Gozag.
  1240 | D:3      | Reached skill level 5 in Fighting
  1240 | D:3      | Reached skill level 5 in Axes
  1284 | D:3      | Reached XP level 5. HP: 22/48 MP: 4/4
  1490 | D:3      | Found a burning altar of Makhleb.
  1652 | D:3      | Found a hazy altar of Hepliaklqana.
  1663 | D:3      | Reached *** piety under Trog
  1730 | D:3      | Found an iron altar of Okawaru.
  1814 | D:3      | Found an ancient bone altar of Kikubaaqudgha.
  2182 | D:4      | Noticed Pikel
  2182 | D:4      | Noticed a slave
  2182 | D:4      | Noticed a slave
  2183 | D:4      | Noticed a slave
  2185 | D:4      | Noticed a slave
  2194 | D:4      | Slain by Pikel

Skill      XL: |  1  2  3  4 |
---------------+-------------+-----
Axes           | 4 5 |  5.9
Fighting       | 4 5 |  5.2
Armour         | |  2.7
Dodging        | |  2.9
Stealth        | |  0.4

Action                   |  1- 3 |  4- 6 || total
-------------------------+-------+-------++-------
Melee: Hand axe          |    62 |    75 ||   137
       Headbutt          |     9 |    10 ||    19
Invok: Berserk           |       |     1 ||     1
  Use: Scroll            |       |     2 ||     2
 Stab: Sleeping          |     1 |     1 ||     2
  Eat: Chunk             |       |     3 ||     3
Armor: Animal skin       |    14 |     8 ||    22
       Ring mail         |       |    17 ||    17
Dodge: Dodged            |    38 |    48 ||    86
